 Dungeon Crawl Stone Soup version 0.23.0-3-gf3c87f2 (webtiles) character file.

Game seed: 14373705735806424030

5 Borgoz the Sneak (level 1, 0/13 (14) HPs)
             Began as a Ghoul Enchanter on Feb 24, 2019.
             Slain by a bat (1 damage)
             ... on level 1 of the Dungeon.
             The game lasted 00:01:05 (346 turns).

Borgoz the Sneak (Ghoul Enchanter)                   Turns: 346, Time: 00:01:06

HP:   0/13 (14)     AC:  2    Str: 11    XL:     1   Next: 80%
MP:   2/2           EV: 12    Int: 10    God:
Gold: 0             SH:  0    Dex:  9    Spells: 2/3 levels left

rFire    . . .     SeeInvis .   a - +1 dagger
rCold    + . .     Gourm    .   (no shield)
rNeg     + + +     Faith    .   b - +0 robe
rPois    ∞         Spirit   .   (no helmet)
rElec    .         Reflect  .   (no cloak)
rCorr    .         Harm     .   (no gloves)
MR       .....                  (no boots)
Stlth    ++........             (no amulet)
HPRegen  0.00/turn              (no ring)
MPRegen  0.08/turn              (no ring)

@: rotting
A: rotting body, claws 1, carnivore, cold resistance 1, negative energy
resistance 3, inhibited regeneration, torment resistance, unbreathing
a: no special abilities


You were on level 1 of the Dungeon.
You were not hungry.

You visited 1 branch of the dungeon, and saw 1 of its levels.

Inventory:

Hand Weapons
 a - a +1 dagger (weapon)
Missiles
 j - 7 needles of sleeping
Armour
 b - a +0 robe (worn)
 g - a +0 leather armour
Scrolls
 c - a scroll of fog {unknown}
 e - a scroll of immolation {unknown}
 f - 2 scrolls of remove curse {unknown}
 i - a scroll of teleportation {unknown}
Potions
 h - a potion of curing {unknown}
Comestibles
 d - 2 rations


   Skills:
 * Level 1.1 Short Blades
 + Level 1.8 Dodging
 + Level 3.3 Stealth
 + Level 1.8 Spellcasting
 * Level 2.5 Hexes


You had 2 spell levels left.
You knew the following spells:

 Your Spells              Type           Power        Failure   Level  Hunger
a - Corona                Hex            #......      12%         1    ##.....

Your spell library contained the following spells:

 Spells                   Type           Power        Failure   Level  Hunger
 Ensorcelled Hibernation  Hex/Ice        #.....       28%         2    ###....
 Confuse                  Hex            #.......     34%         3    ####...
 Tukima's Dance           Hex            #.......     34%         3    ####...
 Dazzling Spray           Conj/Hex       #.....       50%         3    ####...


Dungeon Overview and Level Annotations

Branches:
Dungeon (1/15)

Altars:


Innate Abilities, Weirdness & Mutations

Your body is rotting away.
You thrive on raw meat.
You are immune to poison.
You have sharp fingernails.
You are carnivorous and can eat meat at any time.
Your flesh is cold resistant. (rC+)
You are immune to negative energy. (rN+++)
You do not regenerate when monsters are visible.
You are immune to unholy pain and torment.
You can survive without breathing.


Message History

The bat barely misses you. The bat hits you but does no damage.
You feel your flesh rotting away. The bat hits you.
* * * LOW HITPOINT WARNING * * *
You see here a scroll labeled TEOMAZ JAURI.
You barely miss the bat.
The bat is moderately wounded.
The bat hits you but does no damage.
You barely miss the bat.
The bat is moderately wounded.
The bat misses you.
Okay, then.
c - a scroll labeled TEOMAZ JAURI The bat closely misses you.
The bat hits you.
* * * LOW HITPOINT WARNING * * *
You hit the bat.
The bat is severely wounded.
The bat hits you.
You die...

.#..## ######..###
.. #. .#.##
#.........##.. #.
.#+# # ###.>.....$.
#. ...#
#.#.....#.#..g #)
#### #.#.#.###.# ##.
#.......#.# #..
#.#.#.....# #.#
#.#.###b### ##.#
#....##@# #...
#.#..##.# #...
#.##.##.###### #(..
#............# #.##
##.#.#.)####.# #.#
#.#.#..####.# #.# #
#......##.########.#
###..#.............#
.....####.##########


You could see a bat.

Vanquished Creatures
  2 goblins (D:1)
  A bat (D:1)
  A frilled lizard (D:1)
  2 rats (D:1)
6 creatures vanquished.

Notes
Turn   | Place    | Note
-------+----------+-------------------------------------------
     0 | D:1      | Borgoz the Ghoul Enchanter began the quest for the Orb.
     0 | D:1      | Reached XP level 1. HP: 14/14 MP: 2/2
    93 | D:1      | Reached skill level 1 in Short Blades
   346 | D:1      | Slain by a bat

Skill      XL: |  1 |
---------------+----+-----
Short Blades   | 1 |  1.1
Dodging        | |  1.8
Stealth        | |  3.3
Spellcasting   | |  1.8
Hexes          | |  2.5

Action                   || total
-------------------------++-------
Melee: Dagger            ||    38
 Stab: Sleeping          ||     1
  Eat: Chunk             ||     2
Armor: Robe              ||    19
Dodge: Dodged            ||    32
